 Dungeon Crawl Stone Soup version 0.28-a0-1374-ga75cb3825e (webtiles) character file.

Game seed: 9354352057686888397

491 ASSMAN the Ducker (level 6, 0/36 HPs)
             Began as a Deep Elf Fighter on Dec 31, 2021.
             Slain by a wyvern zombie (9 damage)
             ... in an ossuary.
             The game lasted 00:06:15 (5323 turns).

ASSMAN the Ducker (Deep Elf Fighter)                Turns: 5323, Time: 00:06:16

Health: 0/36       AC:  7    Str: 13    XL:     6   Next: 91%
Magic:  0/12       EV: 12    Int: 13    God:
Gold:   141        SH:  5    Dex: 16    Spells: 11/11 levels left

rFire   + . .      SeeInvis .   a - +0 rapier
rCold   . . .      Faith    .   c - +0 buckler
rNeg    . . .      Spirit   +   i - +2 ring mail {rF+}
rPois   .          Reflect  .   (no helmet)
rElec   .          Harm     .   (no cloak)
rCorr   .          Rampage  .   (no gloves)
Will    .....                   (no boots)
Stlth   +.........              e - amulet of guardian spirit
HPRegen 0.12/turn               (no ring)
MPRegen 0.13/turn               (no ring)

@: no status effects
A: no striking features
a: no special abilities


You were in an ossuary.
You visited 1 branch of the dungeon, and saw 4 of its levels.
You also visited: Ossuary.

You collected 141 gold pieces.

Inventory:

Hand Weapons
 a - a +0 rapier (weapon)
Missiles
 n - 52 stones (quivered)
Armour
 c - a +0 buckler (worn)
 i - a +2 ring mail of fire resistance (worn)
Jewellery
 e - an amulet of guardian spirit (around neck)
Scrolls
 b - a scroll of fog {unknown}
 f - a scroll of magic mapping
 g - a scroll of enchant weapon {unknown}
 h - a scroll of noise {unknown}
 k - a scroll of teleportation {unknown}
 l - a scroll of fear {unknown}


   Skills:
 - Level 2.4 Fighting
 - Level 4.8 Short Blades
 - Level 2.4 Armour
 + Level 5.0 Dodging
 + Level 3.2 Shields
 - Level 3.0 Spellcasting


You had 11 spell levels left.
You didn't know any spells.
Your spell library contained the following spells:

 Spells                   Type           Power      Damage    Failure   Level
 Ensorcelled Hibernation  Hex/Ice        2%         N/A       61%         2
 Spider Form              Tmut/Pois      1%         N/A       83%         3


Dungeon Overview and Level Annotations

Branches:
Dungeon (4/15)             Temple (0/1) D:4         Ossuary (1/1)

Altars:

Shops:
D:2 (   D:4 [


Message History

The wyvern zombie is lightly damaged.
The wyvern zombie misses you. The wyvern zombie closely misses you.
You hit the wyvern zombie.
The wyvern zombie is moderately damaged.
The wyvern zombie bites you!
* * * LOW HITPOINT WARNING * * *
It was a potion of heal wounds.
You feel much better. The wyvern zombie closely misses you.
You barely miss the wyvern zombie.
The wyvern zombie is moderately damaged.
The wyvern zombie bites you!
You barely miss the wyvern zombie.
The wyvern zombie is moderately damaged.
The wyvern zombie bites you.
The wyvern zombie bites you but does no damage.
You hit the wyvern zombie but do no damage.
The wyvern zombie is moderately damaged.
The wyvern zombie closely misses you.
You hit the wyvern zombie but do no damage.
The wyvern zombie is moderately damaged.
The wyvern zombie bites you but does no damage.
You hit the wyvern zombie.
The wyvern zombie is moderately damaged.
The wyvern zombie bites you! The wyvern zombie misses you.
You hit the wyvern zombie but do no damage.
The wyvern zombie is moderately damaged.
You block the wyvern zombie's attack.
You hit the wyvern zombie.
The wyvern zombie is moderately damaged.
The wyvern zombie misses you.
You hit the wyvern zombie.
The wyvern zombie is heavily damaged.
The wyvern zombie closely misses you. The wyvern zombie bites you.
You hit the wyvern zombie but do no damage.
The wyvern zombie is heavily damaged.
The wyvern zombie bites you.
* * * LOW HITPOINT WARNING * * *
It was a potion of cancellation.
You feel magically purged. The wyvern zombie bites you!
You die...

≈## #≈# ≈≈#
#≈ #≈# #.#.#
#.#
#.≈≈≈≈#'#+#+#
≈≈.≈.≈≈.....+
##'##'##Z##.#
# #.@.# +
#.∩.# #∩..#
#####


You could see a wyvern zombie.

Vanquished Creatures
  2 water moccasin zombies (Ossuary)
  A bullfrog zombie (Ossuary)
  3 centaur zombies (Ossuary)
  7 mummies (Ossuary)
  A howler monkey zombie (Ossuary)
  4 adders
  2 worms (D:3)
  4 dart slugs
  An orc (D:2)
  3 ball pythons
  12 endoplasms
  4 giant cockroaches
  4 goblins (D:1)
  2 hobgoblins
  8 jackals (D:2)
  A quokka (D:4)
  A bat (D:3)
  2 frilled lizards
  A goblin zombie (D:4)
  2 kobolds (D:2)
  A quokka skeleton (D:4)
  A quokka zombie (D:4)
  5 rats
72 creatures vanquished.

Vanquished Creatures (others)
  7 withered plants (Ossuary)
7 creatures vanquished.

Grand Total: 79 creatures vanquished

Notes
Turn   | Place    | Note
-------+----------+-------------------------------------------
     0 | D:1      | ASSMAN the Deep Elf Fighter began the quest for the Orb.
     0 | D:1      | Reached XP level 1. HP: 13/13 MP: 3/3
   328 | D:1      | Reached XP level 2. HP: 10/18 MP: 4/4
   691 | D:1      | Found a faded altar of an unknown god.
  1472 | D:2      | Found Maewok's Antique Weapon Shoppe.
  1711 | D:2      | Reached XP level 3. HP: 7/22 MP: 5/5
  3311 | D:3      | Reached XP level 4. HP: 13/27 MP: 6/6
  4860 | D:4      | Found Rogononi's Antique Armour Shop.
  4880 | D:4      | Found a sand-covered staircase.
  4899 | Ossuary  | Entered an ossuary
  4920 | Ossuary  | Reached skill level 1 in Dodging
  4920 | Ossuary  | Reached skill level 1 in Spellcasting
  4920 | Ossuary  | Reached XP level 5. HP: 31/31 MP: 6/9
  4930 | Ossuary  | Reached skill level 2 in Dodging
  4944 | Ossuary  | Reached skill level 3 in Dodging
  4955 | Ossuary  | Reached skill level 4 in Dodging
  4955 | Ossuary  | Reached XP level 6. HP: 32/36 MP: 9/12
  5282 | Ossuary  | Reached skill level 5 in Dodging
  5323 | Ossuary  | Slain by a wyvern zombie

Illustrated notes

Levels and vault maps discovered:
D:1:      amcnicky_arrival_wind_blow, layout_basic,
          chequers_ecumenical_altar_lobes, roderic_nine_men_s_morris
D:2:      layout_basic, serial_shops, nicolae_lakefront_shop
D:3:      layout_basic, minmay_liquid_box
D:4:      layout_loops_corners, temple_hall, serial_shops,
          nicolae_stop_n_shop_2, enter_ossuary_4
Ossuary:  ossuary_zaba_flooded

Skill      XL: |  1  2  3  4  5  6 |
---------------+-------------------+-----
Short Blades   | 3 4 |  4.8
Dodging        | 1 4 5 |  5.0
Spellcasting   | 1 3 |  3.0
Shields        | 3 |  3.2
Fighting       | |  2.4
Armour         | |  2.4

Action                   |  1- 3 |  4- 6 || total
-------------------------+-------+-------++-------
Melee: Rapier            |   144 |   181 ||   325
Throw: Stone             |     2 |       ||     2
  Use: Scroll            |     2 |     1 ||     3
       Potion            |     1 |     5 ||     6
Armor: Scale mail        |    21 |       ||    21
       Leather armour    |    21 |     7 ||    28
       Ring mail         |       |    38 ||    38
Dodge: Dodged            |    58 |    69 ||   127
Block: Buckler           |    35 |    32 ||    67

Table legend: (Time is in decaauts)
 A = Elapsed time spent in this place.
 B = Non-inter-level travel time spent in this place.
 C = Inter-level travel time spent in this place.
 D = Time resting spent in this place.
 E = Time spent auto-exploring this place.
 F = Levels seen in this place.
 G = Mean time per level.
                   A        B        C        D        E       F      G
               +--------+--------+--------+--------+--------+-----+--------+
         Total |   5313 |   5007 |    306 |   1300 |   2979 |   5 | 1062.6 |
       Dungeon |   4890 |   4584 |    306 |   1038 |   2962 |   4 | 1222.5 |
       Ossuary |    422 |    422 |      0 |    262 |     17 |   1 |  422.0 |
               +--------+--------+--------+--------+--------+-----+--------+

Top non-repeatable levels by time:
     D:3: 1845 daAuts
     D:2: 1660 daAuts
     D:1: 1325 daAuts
 Ossuary: 422 daAuts
     D:4: 59 daAuts
